 Dungeon Crawl Stone Soup version 0.23.2-1-ga50397a6bc (webtiles) character file.

Game seed: 15538173630950164458

4022 Mrkan the Grappler (level 10, -1/100 HPs)
             Began as a Troll Monk on May 15, 2019.
             Was an Elder of Nemelex Xobeh.
             Succumbed to a killer bee's poison
             ... on level 9 of the Dungeon.
             The game lasted 00:18:37 (7752 turns).

Mrkan the Grappler (Troll Monk)                     Turns: 7752, Time: 00:18:37

Health: -1/100     AC:  6    Str: 21    XL:     10   Next: 4%
Magic:  13/13      EV: 10    Int:  9    God:    Nemelex Xobeh [****..]
Gold:   512        SH:  0    Dex: 12    Spells: 9/9 levels left

rFire    . . .     SeeInvis .     - Unarmed
rCold    . . .     Gourm    +   (no shield)
rNeg     . . .     Faith    .   a - +0 robe
rPois    .         Spirit   .   (helmet restricted)
rElec    .         Reflect  .   (no cloak)
rCorr    .         Harm     .   (gloves unavailable)
MR       .....                  (boots unavailable)
Stlth    ++........             (no amulet)
HPRegen  0.66/turn              (no ring)
MPRegen  0.13/turn              (no ring)

@: lethally poisoned (-1 -> -32)
A: large, unfitting armour, claws 3, fast metabolism 3, gourmand, regeneration
1, shaggy fur 1, tough skin 3
a: Draw Escape, Draw Destruction, Draw Summoning, Triple Draw, Deal Four,
Renounce Religion


You were on level 9 of the Dungeon.
You worshipped Nemelex Xobeh.
Nemelex Xobeh was greatly pleased with you.
You were near starving.

You visited 1 branch of the dungeon, and saw 9 of its levels.

You collected 512 gold pieces.

Inventory:

Hand Weapons
 t - a +0 giant spiked club
 w - a +3 dire flail of protection
 I - a +0 triple sword
Armour
 a - a +0 robe (worn)
 u - a +0 pair of boots
Jewellery
 y - the ring of the Shrike {rCorr Dex+6, unknown}
   (You found it on level 7 of the Dungeon)

   [ring of resist corrosion]

   It affects your dexterity (+6).
 E - a +4 ring of protection {unknown}
 G - an uncursed ring of resist corrosion {unknown}
Wands
 n - a wand of random effects (53)
 x - a wand of paralysis (7)
 B - a wand of flame (17)
 F - a wand of polymorph (7)
Scrolls
 c - 3 scrolls of identify
 d - 4 scrolls of immolation {unknown}
 g - 4 scrolls of noise
 i - 4 scrolls of enchant armour
 j - 6 scrolls of teleportation
 k - 2 scrolls of random uselessness {unknown}
 o - 5 scrolls of remove curse {unknown}
 q - 3 scrolls of fear {unknown}
 r - 2 scrolls of fog {unknown}
 s - a scroll of magic mapping {unknown}
 A - a scroll of summoning {unknown}
Potions
 e - a potion of flight {unknown}
 f - 2 potions of lignification {unknown}
 h - a potion of invisibility {unknown}
 l - 3 potions of curing {unknown}
 m - 3 potions of cancellation
 v - a potion of ambrosia {unknown}
 z - a potion of degeneration {unknown}
 C - a potion of brilliance {unknown}
 D - a potion of berserk rage {unknown}
 H - a potion of might {unknown}
Comestibles
 b - 5 rations


   Skills:
 + Level 6.6 Fighting
 - Level 2.4 Dodging
 - Level 1.0 Stealth
 * Level 10.8 Unarmed Combat
 + Level 6.1 Invocations


You had 9 spell levels left.
You didn't know any spells.
Your spell library contained the following spells:

 Spells                   Type           Power        Failure   Level  Hunger
 Animate Skeleton         Necr           N/A          38%         1    ##.....
 Apportation              Tloc           #.....       38%         1    ##.....
 Confusing Touch          Hex            #.....       38%         1    ##.....
 Corona                   Hex            #......      38%         1    ##.....
 Summon Small Mammal      Summ           #...         38%         1    ##.....
 Call Imp                 Summ           #.......     52%         2    ###....
 Ensorcelled Hibernation  Hex/Ice        #.....       52%         2    ###....
 Call Canine Familiar     Summ           #.......     77%         3    ####...
 Confuse                  Hex            #.......     77%         3    ####...
 Dazzling Spray           Conj/Hex       #.....       77%         3    ####...
 Summon Guardian Golem    Hex/Summ       #.......     77%         3    ####...
 Tukima's Dance           Hex            #.......     77%         3    ####...
 Summon Ice Beast         Ice/Summ       #.......     99%         4    #####..
 Summon Lightning Spire   Summ/Air       #.......     99%         4    #####..


Dungeon Overview and Level Annotations

Branches:
Dungeon (9/15)             Temple (0/1) D:5
   Lair: D:8-11         Orc: D:9-12

Altars:
Dithmenos
Gozag
Kikubaaqudgha
Nemelex Xobeh
Wu Jian
Xom
Zin

Shops:
D:4 *   D:6 }(:=   D:7 *   D:8 !


Innate Abilities, Weirdness & Mutations

You are too large for most types of armour.
You have claws for hands.
Your metabolism is lightning-fast.
You like to eat raw meat.
Your natural rate of healing is unusually fast.
You are covered in fur. (AC +1)
You have extremely tough skin. (AC +3)


Message History

The killer bee stings you but does no damage.
The killer bee stings you!
* * * LOW HITPOINT WARNING * * *
You are more poisoned.
The killer bee poisons you!
You draw a card...
You have drawn the Tomb.
Nothing appears to happen.
* * * LOW HITPOINT WARNING * * *
You feel very sick.
The killer bee stings you but does no damage.
The killer bee stings you!
* * * LOW HITPOINT WARNING * * *
Unknown command.
Okay, then.
You can't go up here!
You can't go down here!
Okay, then.
You draw a card...
You have drawn the Elixir.
You begin rapidly regenerating magic.
You die...
Your body glows with a rainbow of weird colours and disappears.

##.#
##...#....####...##
#.# ##..########
##(.(.) # #.## ##..##
#######(..... # #..#
##..## #...........#
## ###..###..##
##...###....##
.###.###.....## #..###
####.# #)#.# #....##
##.## #.# ##..#
##...#######..# #.#
....## ###...gyy@...##
#(#
.....###...†..#######
##.# ...##..##...###
##..# ..###.###...).#
#...# ..###.# #....##
#..## ......###....#
#.## .............#
### #.#
.......##....###.####
#.#
.......#............##
#.#


You could see 2 killer bees and a gnoll.

Vanquished Creatures
  Joseph (D:7)
  A spriggan (D:8)
  3 yaks (D:9)
  Eustachio (D:5)
  Edmund (D:5)
  A water moccasin (D:9)
  2 sky beasts
  An ice beast (D:8)
  4 ogres
  2 necrophages
  A phantom (D:4)
  2 centaurs
  3 bullfrogs (D:9)
  2 scorpions
  8 killer bees
  2 howler monkeys
  3 crimson imps
  A bullfrog zombie (D:9)
  A jelly (D:8)
  A centaur skeleton (D:4)
  2 orc priests
  7 orc wizards
  Jessica (D:2)
  5 iguanas
  A worker ant (D:5)
  A worker ant zombie (D:6)
  3 gnolls (D:9)
  13 adders
  A shadow imp (D:5)
  An ooze (D:4)
  An adder skeleton (D:4)
  2 worms
  2 dart slugs
  9 leopard geckos
  20 orcs
  2 giant cockroaches
  10 goblins
  5 hobgoblins
  14 jackals
  5 quokkas
  2 ball pythons
  10 bats
  10 frilled lizards
  A jackal skeleton (D:5)
  A jackal zombie (D:6)
  7 kobolds
  A leopard gecko skeleton (D:5)
  2 leopard gecko zombies
  A quokka skeleton (D:5)
  A quokka zombie (D:8)
  11 rats
193 creatures vanquished.

Vanquished Creatures (others)
  An ogre (D:5)
1 creature vanquished.

Grand Total: 194 creatures vanquished

Notes
Turn   | Place    | Note
-------+----------+-------------------------------------------
     0 | D:1      | Mrkan the Troll Monk began the quest for the Orb.
     0 | D:1      | Reached XP level 1. HP: 22/22 MP: 0/0
   215 | D:1      | Reached XP level 2. HP: 29/29 MP: 1/1
   612 | D:1      | Reached XP level 3. HP: 36/36 MP: 2/2
  1123 | D:2      | Reached skill level 4 in Unarmed Combat
  1181 | D:2      | Found a sparkling altar of Nemelex Xobeh.
  1240 | D:2      | Found a shadowy altar of Dithmenos.
  1518 | D:2      | Found a sparkling altar of Nemelex Xobeh.
  1518 | D:2      | Noticed Jessica
  1523 | D:2      | Killed Jessica
  1523 | D:2      | Reached XP level 4. HP: 37/45 MP: 3/3
  1526 | D:2      | Became a worshipper of Nemelex Xobeh the Trickster
  1526 | D:2      | Received a gift from Nemelex Xobeh
  1526 | D:2      | Received a gift from Nemelex Xobeh
  1526 | D:2      | Reached * piety under Nemelex Xobeh
  1526 | D:2      | Received a gift from Nemelex Xobeh
  1526 | D:2      | Received a gift from Nemelex Xobeh
  1526 | D:2      | Reached ** piety under Nemelex Xobeh
  2474 | D:4      | Found an ornate altar of the Wu Jian Council.
  2478 | D:4      | Reached XP level 5. HP: 48/53 MP: 4/4
  2497 | D:4      | Reached skill level 5 in Unarmed Combat
  2653 | D:4      | Found Zin's Purification Station.
  2659 | D:4      | Found a glowing silver altar of Zin.
  2723 | D:4      | Noticed a phantom
  2760 | D:4      | Killed a phantom
  2760 | D:4      | Reached skill level 1 in Invocations
  2779 | D:4      | Found an opulent altar of Gozag.
  2789 | D:4      | Found a shimmering altar of Xom.
  2959 | D:4      | Reached XP level 6. HP: 31/61 MP: 6/6
  3367 | D:5      | Entered Level 5 of the Dungeon
  3376 | D:5      | Received a gift from Nemelex Xobeh
  3383 | D:5      | Reached skill level 6 in Unarmed Combat
  3489 | D:5      | Reached XP level 7. HP: 37/70 MP: 7/7
  3589 | D:5      | Noticed Eustachio
  3597 | D:5      | Killed Eustachio
  3597 | D:5      | Reached skill level 7 in Unarmed Combat
  3756 | D:5      | Found a staircase to the Ecumenical Temple.
  3756 | D:5      | Reached *** piety under Nemelex Xobeh
  3843 | D:5      | Noticed Edmund
  3869 | D:5      | HP: 3/71 [Edmund/+3 dire flail of protection (8)]
  3870 | D:5      | You fall through a shaft!
  3870 | D:6      | Found Siroladd's Gadget Boutique.
  4020 | D:6      | Reached XP level 8. HP: 78/79 MP: 9/9
  4326 | D:6      | Found Teusupla's Weapon Shop.
  4742 | D:6      | Found Dentep's Book Boutique.
  4742 | D:6      | Found Bitur's Jewellery Boutique.
  5164 | D:5      | Killed Edmund
  5164 | D:5      | Reached skill level 8 in Unarmed Combat
  5170 | D:5      | Reached skill level 5 in Fighting
  5170 | D:5      | Paralysed by fainting for 5 turns
  5342 | D:7      | Received a gift from Nemelex Xobeh
  5416 | D:7      | Noticed Joseph
  5428 | D:7      | Killed Joseph
  5614 | D:7      | Reached skill level 9 in Unarmed Combat
  5704 | D:7      | Got a glittering jade ring
  5730 | D:7      | Reached **** piety under Nemelex Xobeh
  5866 | D:7      | Found an ancient bone altar of Kikubaaqudgha.
  5994 | D:7      | Found Xeuti's General Store.
  6125 | D:8      | Received a gift from Nemelex Xobeh
  6131 | D:8      | Reached XP level 9. HP: 86/86 MP: 11/11
  6370 | D:8      | Reached skill level 5 in Invocations
  6378 | D:8      | HP: 4/87 [killer bee (6)]
  6647 | D:8      | Received a gift from Nemelex Xobeh
  6867 | D:8      | Found Jirhoc's Distillery.
  7073 | D:9      | Reached skill level 10 in Unarmed Combat
  7200 | D:9      | Received a gift from Nemelex Xobeh
  7671 | D:9      | Reached XP level 10. HP: 100/100 MP: 13/13
  7749 | D:9      | HP: 4/100 [killer bee (8)]
  7752 | D:9      | Succumbed to a killer bee's poison

Skill      XL: |  1  2  3  4  5  6  7  8  9 |
---------------+----------------------------+-----
Unarmed Combat | 4 5 6 7 9 10 | 10.8
Fighting       | 3 4 5 6 |  6.6
Invocations    | 1 2 3 4 6 |  6.1
Dodging        | |  2.4
Stealth        | |  1.0

Action                   |  1- 3 |  4- 6 |  7- 9 | 10-12 || total
-------------------------+-------+-------+-------+-------++-------
Melee: Unarmed           |   116 |   122 |   311 |    13 ||   562
       Punch             |     2 |     4 |    15 |       ||    21
 Abil: Draw Destruction  |       |     2 |     7 |       ||     9
       Draw Escape       |       |       |     1 |     2 ||     3
  Use: Scroll            |       |       |     5 |       ||     5
       Potion            |       |       |     1 |     1 ||     2
 Stab: Sleeping          |     4 |     2 |     1 |       ||     7
  Eat: Chunk             |     6 |     6 |    20 |       ||    32
       Ration            |     1 |     4 |     5 |       ||    10
Armor: Robe              |    51 |    51 |    69 |    11 ||   182
Dodge: Dodged            |    68 |    62 |   102 |    21 ||   253
